 Dungeon Crawl Stone Soup version 0.27.1 (webtiles) character file.

Game seed: 9049155763299668856

65 r3algoood the Conjurer (level 3, 0/26 HPs)
             Began as a Draconian Conjurer on Sept 2, 2021.
             Killed by divine providence
             ... invoked by an orc priest
              (13 damage)
             ... on level 3 of the Dungeon.
             The game lasted 00:07:18 (2874 turns).

r3algoood the Conjurer (Draconian Conjurer)         Turns: 2874, Time: 00:07:19

Health: 0/26       AC:  5    Str:  9    XL:     3   Next: 94%
Magic:  4/7        EV: 12    Int: 19    God:
Gold:   99         SH:  0    Dex:  9    Spells: 4/7 levels left

rFire    . . .     SeeInvis .   a - +0 dagger
rCold    . . .     Faith    .   (no shield)
rNeg     . . .     Spirit   .   (armour unavailable)
rPois    .         Reflect  .   (helmet restricted)
rElec    .         Harm     .   (no cloak)
rCorr    .         Rampage  .   (no gloves)
Will     .....                  (no boots)
Stlth    ++........             (no amulet)
HPRegen  0.08/turn              (no ring)
MPRegen  0.10/turn              (no ring)

@: no status effects
A: AC +5, unfitting armour, cold-blooded
a: no special abilities


You were on level 3 of the Dungeon.
You visited 1 branch of the dungeon, and saw 3 of its levels.

You collected 99 gold pieces.

Inventory:

Hand Weapons
 a - a +0 dagger (weapon)
Missiles
 i - 21 poisoned darts
Magical Staves
 d - a staff of earth
Scrolls
 c - 2 scrolls of identify {unknown}
 e - a scroll of blinking {unknown}
 g - a scroll of enchant weapon {unknown}
 h - a scroll of fear {unknown}
 k - a scroll of vulnerability {unknown}
Potions
 b - a potion of magic {unknown}
 f - a potion of heal wounds {unknown}
 j - a potion of haste {unknown}
 l - a potion of berserk rage {unknown}


   Skills:
 + Level 2.2 Dodging
 + Level 2.3 Stealth
 * Level 2.8 Spellcasting
 * Level 4.5 Conjurations


You had 4 spell levels left.
You knew the following spells:

 Your Spells              Type           Power      Damage    Failure   Level
a - Magic Dart            Conj           76%        1d6       2%          1
b - Searing Ray           Conj           38%        3d4       3%          2

Your spell library contained the following spells:

 Spells                   Type           Power      Damage    Failure   Level
 Dazzling Flash           Conj/Hex       22%        N/A       19%         3
 Sublimation of Blood     Necr           1%         N/A       24%         2
 Call Canine Familiar     Summ           2%         N/A       43%         3
 Portal Projectile        Hex/Tloc       4%         N/A       43%         3
 Fulminant Prism          Conj/Hex       5%         3d7       52%         4
 Iskenderun's Mystic Bla  Conj/Tloc      11%        2d4       52%         4
 Leda's Liquefaction      Hex/Erth       1%         N/A       83%         4
 Petrify                  Tmut/Erth      2%         N/A       83%         4
 Irradiate                Conj/Tmut      5%         3d15      86%         5


Dungeon Overview and Level Annotations

Branches:
Dungeon (3/15)

Altars:
Qazlal

Shops:
D:1 [

Annotations:
D:2 1 runed translucent door, Crazy Yiuf


Innate Abilities, Weirdness & Mutations

Your plain brown scales are hard. (AC +5)
You cannot fit into any form of body armour.
You are cold-blooded and may be slowed by cold attacks.


Message History

Aim: a hobgoblin (lightly wounded, 100% to hit)
The magic dart hits the hobgoblin.
You kill the hobgoblin!
You start resting.
Magic restored.
You start resting.
HP restored.
Casting: Magic Dart (safe; 2% risk of failure)
Confirm with . or Enter, or press ? or * to list all spells.
Okay, then.
Things that are here:
a quokka corpse; an adder corpse
There is an open door here.
l - an emerald potion You open the door.
There is an open door here.
Found a scroll labelled MEUFFA JYGOTTI.
c - 2 scrolls labelled MEUFFA JYGOTTI (gained 1)
Found 12 gold pieces.
Found a great sword.
You now have 99 gold pieces (gained 12). 2 orcs come into view.
There are monsters nearby!
An orc priest comes into view. It is wielding a +0 hand axe.
The orc priest shouts!
The orc shouts!
The orc priest invokes the aid of Beogh against you.
Beogh smites you!
Ouch! That really hurt!
Casting: Magic Dart (safe; 2% risk of failure)
Confirm with . or Enter, or press ? or * to list all spells.
Aiming: Searing Ray (safe; 3% risk of failure)
Press: ? - help, Shift-Dir - straight line The searing ray hits the orc!
You kill the orc! (Press . to maintain the ray.)
The orc priest invokes the aid of Beogh against you.
Beogh smites you!
Ouch! That really hurt!
You die...

.#..#.#.....##..#
#.#+#'##
#..#.#...#.....#.#.......
#..#.#.#..........)......
#..#.#.#...##.##.##......
#..#.#.#...# ##. #......
#..#.#.#...# . #......
#..#.#.##..# .. ##+#...
#########..#.#.##..# ..
##.#
.........o.o.)..@..##..
#.# ......o#####.#.##..#
#.# ....... #.#.##..# #.#
....... ....##..# #.#
....... ...####... #.#
+#..... #...# ###.# ..
###### #..)# .. #...# #..


You could see an orc priest and an orc.

Vanquished Creatures
  2 adders
  An ufetubus (D:3)
  An orc (D:3)
  5 ball pythons
  5 bats
  5 endoplasms
  A giant cockroach (D:2)
  4 goblins
  3 hobgoblins
  A kobold (D:3)
  3 quokkas
  3 frilled lizards
  A rat (D:3)
  A spectral kobold (D:1)
36 creatures vanquished.

Vanquished Creatures (others)
  A fungus (D:2)
1 creature vanquished.

Grand Total: 37 creatures vanquished

Notes
Turn   | Place    | Note
-------+----------+-------------------------------------------
     0 | D:1      | r3algoood the Draconian Conjurer began the quest for the
                  | Orb.
     0 | D:1      | Reached XP level 1. HP: 14/14 MP: 3/3
   381 | D:1      | Found a faded altar of an unknown god.
   492 | D:1      | Reached XP level 2. HP: 20/20 MP: 1/5
   548 | D:1      | Found Uliptuosa's Armour Shop.
  1580 | D:2      | Reached XP level 3. HP: 26/26 MP: 4/6
  1620 | D:2      | Learned a level 2 spell: Searing Ray
  1647 | D:2      | Found a stormy altar of Qazlal.
  2154 | D:2      | Found a runed translucent door.
  2155 | D:2      | Noticed Crazy Yiuf
  2874 | D:3      | Killed from afar by an orc priest

Illustrated notes

Levels and vault maps discovered:
D:1:      minmay_arrival_glassed_features, layout_basic,
          dreamdust_ecumenical_altar_drowned_temple, serial_shops, shop,
          minmay_domino_4
D:2:      layout_loops_ring, basic_altar, kennysheep_generic_room_15,
          uniq_crazy_yiuf_cottage
D:3:      layout_basic

Skill      XL: |  1  2 |
---------------+-------+-----
Stealth        | 2 |  2.3
Dodging        | 2 |  2.2
Spellcasting   | |  2.8
Conjurations   | |  4.5

Action                   || total
-------------------------++-------
Melee: Dagger            ||    16
       Tailslap          ||     2
 Cast: Magic Dart        ||    67
       Searing Ray       ||     1
Armor: Skin              ||    13
Dodge: Dodged            ||    22
